 Dungeon Crawl Stone Soup version 0.23-a0-655-g3751e1c (console) character file.

249 Duffy the Firebug (level 5, 31/35 HPs)
             Began as a Demonspawn Fire Elementalist on Jan 7, 2019.
             Was an Initiate of Sif Muna.
             Quit the game on level 3 of the Dungeon.
             The game lasted 00:02:36 (3199 turns).

Duffy the Firebug (Demonspawn Fire Elementalist)    Turns: 3199, Time: 00:02:36

Health: 31/35      AC:  3    Str:  8    XL:     5   Next: 87%
Magic:  2/10       EV: 12    Int: 17    God:    Sif Muna [......]
Gold:   130        SH:  0    Dex: 14    Spells: 3/11 levels left

rFire    + . .     SeeInvis .   m - +1 short sword (speed)
rCold    . . .     Gourm    .   (no shield)
rNeg     . . .     Faith    .   a - +0 robe
rPois    .         Spirit   .   (no helmet)
rElec    .         Reflect  .   d - +0 cloak
rCorr    +         Harm     +   (no gloves)
MR       .....                  (no boots)
Stlth    ++........             u - amulet of harm
HPRegen  0.11/turn              o - ring of protection from fire
MPRegen  0.12/turn              w - ring of resist corrosion

@: no status effects
A: powered by death 1, powered by pain 1
a: Renounce Religion


You were on level 3 of the Dungeon.
You worshipped Sif Muna.
Sif Muna was noncommittal.
You were not hungry.

You visited 1 branch of the dungeon, and saw 3 of its levels.

You collected 130 gold pieces.

Inventory:

Hand Weapons
 f - a +0 dagger
 h - a +0 short sword
 m - a +1 short sword of speed (weapon)
Armour
 a - a +0 robe (worn)
 d - a +0 cloak (worn)
Jewellery
 o - a ring of protection from fire (left hand)
 u - an amulet of harm (around neck)
 v - an uncursed ring of resist corrosion
 w - a ring of resist corrosion (right hand)
Wands
 r - a wand of random effects (17)
Scrolls
 b - 2 scrolls of immolation {unknown}
 e - a scroll of enchant weapon {unknown}
 g - 2 scrolls of teleportation {unknown}
 j - 3 scrolls of identify {unknown}
 k - a scroll of noise {unknown}
 n - 2 scrolls of blinking {unknown}
 s - a scroll of enchant armour {unknown}
 t - a scroll of amnesia {unknown}
Potions
 i - a potion of might {unknown}
 l - a potion of curing {unknown}
 p - a potion of lignification {unknown}
Comestibles
 c - 5 rations


   Skills:
 - Level 1.7 Dodging
 - Level 1.7 Stealth
 + Level 3.6 Spellcasting
 + Level 3.4 Conjurations
 + Level 4.1 Fire Magic


You had 3 spell levels left.
You knew the following spells:

 Your Spells              Type           Power        Failure   Level  Hunger
h - Flame Tongue          Conj/Fire      ###..        3%          1    None
j - Sticky Flame          Conj/Fire      ###.....     34%         4    ####...
l - Conjure Flame         Conj/Fire      ###.....     11%         3    ###....

Your spell library contained the following spells:

 Spells                   Type           Power        Failure   Level  Hunger
 Throw Flame              Conj/Fire      ###...       5%          2    ##.....
 Inner Flame              Hex/Fire       ##......     22%         3    ###....
 Fireball                 Conj/Fire      ###.......   67%         5    ######.


Dungeon Overview and Level Annotations

Branches:
Dungeon (3/15)

Altars:
Ashenzari
Dithmenos
Fedhas
Makhleb
Sif Muna
Xom
Zin


Innate Abilities, Weirdness & Mutations

You regenerate a little health from kills.
You sometimes gain a little power by taking damage.


Message History

Sigmund burns!
Sigmund gestures wildly while chanting.
Sigmund flickers and vanishes for a moment.
Casting: Flame Tongue (safe; 4% risk of failure)
Confirm with . or Enter, or press ? or * to list all spells.
Aiming: Flame Tongue (safe; 4% risk of failure)
Press: ? - help, Shift-Dir - straight line, f/p - Sigmund
Aim: Sigmund, wielding a -3 scythe, wearing a +0 robe and carrying a wand of The flame tongue hits Sigmund.
Sigmund is almost dead.
Sigmund burns!
You kill Sigmund!
Sif Muna accepts your kill.
Your Spellcasting skill increases to level 3!
Your Conjurations skill increases to level 3!
Your Fire Magic skill increases to level 4!
You have reached level 5!
Your demonic ancestry asserts itself...
You feel energised by your suffering.
Are you sure you want to abandon this character and quit the game? (Confirm

##### #...# # #.#.#
#.#.#.#########
#.#.#.........#
#..)@<#..####.
###.###....#
#........# #..###.#.#
#####.)....###
#.............
########........#####
#...............#
#####...............#


There were no monsters in sight!

Vanquished Creatures
  Sigmund (D:3)
  A hound (D:2)
  2 adders (D:2)
  An ooze (D:1)
  A leopard gecko (D:2)
  An orc (D:3)
  4 bats
  2 giant cockroaches
  7 hobgoblins
  A quokka (D:2)
  2 frilled lizards
  8 goblins
  3 kobolds (D:1)
  5 rats
39 creatures vanquished.

Notes
Turn   | Place    | Note
-------+----------+-------------------------------------------
     0 | D:1      | Duffy the Demonspawn Fire Elementalist began the quest for
                  | the Orb.
     0 | D:1      | Reached XP level 1. HP: 13/13 MP: 3/3
   248 | D:1      | Gained mutation: You regenerate a little health from kills.
                  | [demonic ancestry]
   248 | D:1      | Reached XP level 2. HP: 19/19 MP: 1/5
   570 | D:1      | Reached skill level 3 in Fire Magic
  1032 | D:2      | Reached XP level 3. HP: 7/24 MP: 0/7
  1383 | D:2      | Learned a level 3 spell: Conjure Flame
  1393 | D:2      | Found a shimmering altar of Xom.
  1424 | D:2      | Found a shattered altar of Ashenzari.
  1484 | D:2      | Found a deep blue altar of Sif Muna.
  1567 | D:2      | Became a worshipper of Sif Muna the Loreminder
  1736 | D:2      | Found a blossoming altar of Fedhas.
  1738 | D:2      | Found a shadowy altar of Dithmenos.
  1801 | D:2      | Reached XP level 4. HP: 27/30 MP: 3/8
  1900 | D:2      | Noticed an Executioner
  1901 | D:2      | Found a burning altar of Makhleb.
  1904 | D:2      | Found a glowing silver altar of Zin.
  1904 | D:2      | Noticed an angel
  1911 | D:2      | Learned a level 4 spell: Sticky Flame
  2579 | D:3      | Noticed Sigmund
  3198 | D:3      | Killed Sigmund
  3198 | D:3      | Reached skill level 4 in Fire Magic
  3198 | D:3      | Gained mutation: You sometimes gain a little power by
                  | taking damage. [demonic ancestry]
  3198 | D:3      | Reached XP level 5. HP: 31/35 MP: 2/10
  3199 | D:3      | Quit the game

Vault maps used:
D:1:      wander_arrival_abandoned_jail, serial_bayou, serial_bayou_lake_a,
          serial_bayou_ford_a, serial_bayou_lagoon_a, serial_bayou_pond_b
D:2:      grunt_temple_overflow_order_and_chaos_2, overflow_temple_1_default,
          xom_butterflies, nicolae_overflow_hidden_temple, minitemple
D:3:      uniq_sigmund, uniq_grinder

Skill      XL: |  1  2  3  4 |
---------------+-------------+-----
Fire Magic     | 3 4 |  4.1
Conjurations   | 2 3 |  3.4
Spellcasting   | 3 |  3.6
Dodging        | |  1.7
Stealth        | |  1.7

Action                   |  1- 3 |  4- 6 || total
-------------------------+-------+-------++-------
Melee: Unarmed           |     1 |       ||     1
       Short sword       |    11 |     3 ||    14
 Cast: Flame Tongue      |    47 |    22 ||    69
       Sticky Flame      |       |     1 ||     1
  Eat: Chunk             |     3 |     3 ||     6
       Ration            |       |     1 ||     1
Armor: Robe              |     3 |     4 ||     7
Dodge: Dodged            |    30 |    13 ||    43

Table legend:
 A = Non-vault XP
 B = Vault XP
 C = Vault XP percentage of total XP
 D = Non-vault monster count
 E = Vault monster count
 F = Vault count percentage of total count
                 A         B        C        D         E       F
            +---------+---------+-------+---------+---------+-------
      Total |     129 |     228 |  63.9 |      35 |       4 |  10.3
            +---------+---------+-------+---------+---------+-------
        D:1 |      24 |       5 |  17.2 |      12 |       3 |  20.0
        D:2 |      98 |       0 |   0.0 |      20 |       0 |   0.0
        D:3 |       7 |     223 |  97.0 |       3 |       1 |  25.0
            +---------+---------+-------+---------+---------+-------
